 Dungeon Crawl Stone Soup version 0.30.1-11-g7821555f0a (webtiles) character file.

Game seed: 17355766384597433301

265 pkoi the Charlatan (level 5, -3/37 (40) HPs)
             Began as a Draconian Artificer on Nov 20, 2023.
             Killed from afar by Ijyb (24 damage)
             ... with a bolt of acid
             ... on level 3 of the Dungeon.
             The game lasted 00:04:19 (2596 turns).

pkoi the Charlatan (Draconian Artificer)            Turns: 2596, Time: 00:04:19

HP:   -3/37 (40)    AC: -2    Str: 13 (14) XL:     5   Next: 99%
MP:   5/5           EV: 12    Int: 10 (13) God:
Gold: 66            SH:  0    Dex: 10 (12) Spells: 4/4 levels left

rFire   . . .        e - +1 short sword (drain)
rCold   . . .        (no shield)
rNeg    . . .        (body armour unavailable)
rPois   .            (helmet restricted)
rElec   .            (no cloak)
rCorr   .            (no gloves)
SInv    .            r - +0 pair of boots
Will    +....        (no amulet)
Stlth   +            a - ring of willpower
HPRegen 0.26/turn    (no ring)
MPRegen 0.09/turn

%: no passive effects
@: corroded, drained
A: AC +5, unfitting armour, cold-blooded
a: no special abilities


You were on level 3 of the Dungeon.
You visited 1 branch of the dungeon, and saw 3 of its levels.

You collected 156 gold pieces.
You spent 90 gold pieces at shops.

Inventory:

Hand Weapons
 b - a +0 sling
 e - a +1 short sword of draining (weapon)
 Z - a +0 club
Missiles
 g - 6 javelins
Armour
 r - a +0 pair of boots (worn)
Jewellery
 a - a ring of willpower (left hand)
Wands
 c - a wand of charming (15)
 d - a wand of iceblast (3)
 m - a wand of flame (8) (quivered)
Scrolls
 j - a scroll of torment
Potions
 l - 3 potions of curing
 n - a potion of mutation
 o - 2 potions of degeneration
 q - a potion of resistance
 s - a potion of lignification


   Skills:
 - Level 1.1 Fighting
 - Level 2.1 Dodging
 - Level 0.8 Stealth
 + Level 3.7 Unarmed Combat
 + Level 5.4 Evocations


You had 4 spell levels left.
You didn't know any spells.
Your spell library contained the following spells:

 Spells                   Type           Power      Damage    Failure   Level
 Manifold Assault         Tloc           0%         N/A       98%         4
 Dispersal                Tloc           0%         N/A       100%        6
 Disjunction              Tloc           0%         N/A       100%        8


Dungeon Overview and Level Annotations

Branches:
Dungeon (3/15)

Altars:
Zin

Annotations:
D:3 Ijyb


Innate Abilities, Weirdness & Mutations

Your plain brown scales are hard. (AC +5)
You cannot fit into any form of body armour.
You are cold-blooded and may be slowed by cold attacks.


Message History

The puff of flame hits Terence.
Terence is severely wounded.
Terence hits you with a +1 short sword of draining.
You feel drained.
Unknown command.
Aiming: Throw Flame
Press: ? - help, Shift-Dir - straight line, f/p - Terence
Aim: Terence, wielding a +1 short sword of draining and wearing a +0 chain mail (severely wounded, 81% to hit)
The puff of flame hits Terence!
You kill Terence!
Unknown command.
Unknown command.
o - 2 potions of degeneration (gained 1)
Things that are here:
a +1 short sword of draining; a +0 chain mail
e - a +1 short sword of draining You sense an unholy aura.
e - a +1 short sword of draining (weapon)
You start resting.
You start resting.
HP restored.
Found a stone staircase leading down.
There is a stone staircase leading down here.
There is a stone staircase leading down here.
Found a stone staircase leading down.
There is a stone staircase leading down here.
Found a ring mail.
Ijyb is nearby!
Found a potion of curing.
Ijyb shouts!
Ijyb zaps a wand.
The bolt of acid hits you! The acid corrodes you!
You barely miss Ijyb.
Your tail-slap misses Ijyb.
Your punch misses Ijyb.
A bat comes into view.
Ijyb zaps a wand.
The bolt of acid hits you. The acid corrodes you!
You closely miss Ijyb. Ijyb hits you with a +0 dagger.
You hit Ijyb but do no damage. You drain Ijyb.
Ijyb is lightly wounded.
Ijyb zaps a wand.
The bolt of acid hits you!!
Ouch! That really hurt!
You die...

*,* ******#........... **,*
#.........[. *,,*****#***
######.........## *,,*,,,,,.,*
#.##.......###.# *,,*,****#.*
##.#.##.##<###.# *,,*,*
**#.##*##.##.........#
*,,*,*##.,...*##.##...#.###.#
*,,,,,..!..#.##..>#.#.#.# #.#
*,**,***,#...@..#...#.#.# #.##
*,**,* *,#.#g##...###.#.###.#,
*,**<***,,.[b*##............#,
*,,,,,,,........#####>#....##,
****,**##...###.#####.####.#*,
*,* ##.#* #.......# #.#*, *,*
#.* ######### #.#*, *,* #.*
#.#*, *,* *,* ***#.#*,


You could see Ijyb (very drained) and a bat.

Vanquished Creatures
  Sigmund (D:2)
  Terence (D:3)
  2 adders
  2 dart slugs (D:1)
  An orc (D:3)
  5 bats
  6 endoplasms
  7 giant cockroaches
  6 goblins
  7 hobgoblins
  2 kobolds (D:2)
  3 quokkas
  7 ball pythons
  2 frilled lizards
  7 rats
59 creatures vanquished.

Vanquished Creatures (others)
  A giant cockroach (D:3)
1 creature vanquished.

Grand Total: 60 creatures vanquished

Notes
Turn   | Place    | Note
-------+----------+-------------------------------------------
     0 | D:1      | pkoi the Draconian Artificer began the quest for the Orb.
     0 | D:1      | Reached XP level 1. HP: 16/16 MP: 1/1
   118 | D:1      | Reached XP level 2. HP: 11/23 MP: 2/2
   707 | D:1      | Reached skill level 1 in Unarmed Combat
  1280 | D:1      | Reached XP level 3. HP: 19/28 MP: 3/3
  1390 | D:2      | Reached skill level 4 in Evocations
  1532 | D:2      | Found a faded altar of an unknown god.
  1792 | D:2      | Noticed Sigmund
  1796 | D:2      | Killed Sigmund
  1797 | D:2      | Reached skill level 5 in Evocations
  1797 | D:2      | Reached XP level 4. HP: 35/35 MP: 4/4
  1797 | D:2      | Reached XP level 5. HP: 40/40 MP: 5/5
  1934 | D:3      | Noticed Ijyb
  2216 | D:3      | Found Zin's Purification Station.
  2222 | D:3      | Found a glowing silver altar of Zin.
  2233 | D:3      | Bought a potion of curing for 90 gold pieces
  2495 | D:3      | Noticed Terence
  2502 | D:3      | Killed Terence
  2596 | D:3      | Killed from afar by Ijyb

Illustrated notes

Levels and vault maps discovered:
D:1:      minmay_arrival_loop, layout_loops_ring, hangedman_glass_teeth,
          grunt_decor_resistance, minmay_door_square, minivault_4
D:2:      layout_rooms, ebering_ecumenical_altar_rust, minmay_misc_feat_cross,
          minmay_diced_spiral, uniq_sigmund
D:3:      layout_loops_ring, zin_purify, uniq_terence, uniq_ijyb,
          uniq_crazy_yiuf_cottage

Skill      XL: |  1  2  3 |
---------------+----------+-----
Unarmed Combat | 1 3 |  3.7
Evocations     | 5 |  5.4
Fighting       | |  1.1
Dodging        | |  2.1
Stealth        | |  0.8

Action                     |  1- 3 |  4- 6 || total
---------------------------+-------+-------++-------
  Melee: Club              |    34 |       ||    34
         Tailslap          |    16 |     3 ||    19
         Unarmed           |    99 |    38 ||   137
         Short sword       |       |     3 ||     3
         Punch             |       |     1 ||     1
   Fire: Sling             |    57 |    40 ||    97
  Evoke: Wand              |     2 |     7 ||     9
    Use: Scroll            |       |     6 ||     6
         Potion            |       |     5 ||     5
   Stab: Sleeping          |     4 |       ||     4
 Armour: Skin              |    40 |    29 ||    69
  Dodge: Dodged            |   133 |    39 ||   172
